 Dungeon Crawl Stone Soup version 0.27-a0-1140-g099f9bb0e8 (webtiles) character file.

Game seed: 11544513122774295811

8722 leviel the Cleaver (level 11, -29/99 HPs)
             Began as a Minotaur Fighter on May 9, 2021.
             Was a Believer of the Shining One.
             Killed from afar by a fire dragon (32 damage)
             ... with a blast of flame
             ... on level 10 of the Dungeon.
             The game lasted 00:18:44 (7752 turns).

leviel the Cleaver (Minotaur Fighter)               Turns: 7752, Time: 00:18:44

Health: -29/99     AC: 20    Str: 24    XL:     11   Next: 13%
Magic:  8/10       EV:  6    Int:  5    God:    the Shining One [**....]
Gold:   639        SH: 19    Dex: 10    Spells: 10/10 levels left

rFire    . . .     SeeInvis +   a - +0 war axe (freeze)
rCold    . . .     Faith    .   c - +1 kite shield
rNeg     + . .     Spirit   .   d - +1 plate armour
rPois    .         Reflect  .   (helmet restricted)
rElec    .         Harm     .   p - +2 cloak
rCorr    +         Rampage  .   u - +0 pair of gloves
Will     +....                  (no boots)
Stlth    ..........             e - amulet of regeneration
HPRegen  1.26/turn              l - ring of willpower
MPRegen  0.12/turn              v - ring "Jeliwets" {rCorr SInv Stlth+}

@: divinely shielded, about to teleport, glowing
A: horns 2, retaliatory headbutt
a: Renounce Religion, Divine Shield


You were on level 10 of the Dungeon.
You worshipped the Shining One.
The Shining One was pleased with you.
You visited 2 branches of the dungeon, and saw 11 of its levels.
You also visited: Sewer.

You collected 639 gold pieces.

Inventory:

Hand Weapons
 a - a +0 war axe of freezing (weapon)
 k - a +0 scimitar of flaming
Missiles
 C - a throwing net (quivered)
 J - 5 atropa-tipped darts
Armour
 c - a +1 kite shield (worn)
 d - a +1 plate armour (worn)
 p - a +2 cloak (worn)
 u - a +0 pair of gloves (worn)
Jewellery
 e - an amulet of regeneration (around neck)
 l - a ring of willpower (left hand)
 v - the ring "Jeliwets" (right hand) {rCorr SInv Stlth+}
   (You found it on level 4 of the Dungeon)

   [ring of resist corrosion]

   It lets you see invisible.
   It protects you from acid and corrosion.
   It makes you more stealthy.
 w - a ring of protection from cold
 y - a +4 ring of protection
 G - a ring of magical power
Wands
 z - a wand of iceblast (9)
 B - a wand of acid (6)
 E - a wand of flame (22)
 I - a wand of paralysis (11)
Scrolls
 h - 2 scrolls of immolation
 m - 2 scrolls of teleportation
 o - 2 scrolls of vulnerability
 x - a scroll of holy word
 A - a scroll of summoning {unknown}
 D - 4 scrolls of enchant weapon {unknown}
 F - a scroll of amnesia
 H - a scroll of identify
Potions
 b - 2 potions of heal wounds
 f - 2 potions of magic
 g - 4 potions of mutation
 i - a potion of brilliance
 j - 2 potions of curing
 n - a potion of invisibility {unknown}
 q - 3 potions of degeneration {unknown}
 r - 3 potions of attraction {unknown}
 s - a potion of lignification {unknown}
 t - 2 potions of haste {unknown}


   Skills:
 - Level 10.0 Fighting
 * Level 13.0 Axes
 - Level 10.0 Armour
 - Level 10.0 Shields


You had 10 spell levels left.
You didn't know any spells.
Your spell library contained the following spells:

 Spells                   Type           Power      Damage    Failure   Level
 Animate Skeleton         Necr           0%         N/A       100%        1
 Apportation              Tloc           0%         N/A       100%        1
 Corona                   Hex            0%         N/A       100%        1
 Freeze                   Ice            0%         1d3       100%        1
 Summon Small Mammal      Summ           0%         N/A       100%        1
 Call Imp                 Summ           0%         N/A       100%        2
 Slow                     Hex            0%         N/A       100%        2
 Call Canine Familiar     Summ           0%         N/A       100%        3
 Frozen Ramparts          Ice            0%         1d2       100%        3
 Inner Flame              Hex/Fire       0%         N/A       100%        3
 Ozocubu's Armour         Ice            0%         N/A       100%        3
 Portal Projectile        Hex/Tloc       0%         N/A       100%        3
 Summon Guardian Golem    Hex/Summ       0%         N/A       100%        3
 Cause Fear               Hex            0%         N/A       100%        4
 Hailstorm                Conj/Ice       0%         3d3       100%        4
 Leda's Liquefaction      Hex/Erth       0%         N/A       100%        4
 Summon Ice Beast         Ice/Summ       0%         N/A       100%        4
 Summon Lightning Spire   Summ/Air       0%         N/A       100%        4
 Metabolic Englaciation   Hex/Ice        0%         N/A       100%        5


Dungeon Overview and Level Annotations

Branches:
Dungeon (10/15)            Temple (1/1) D:7           Sewer (visited)
   Lair: D:8-11         Orc: D:9-12

Altars:
Ashenzari
Cheibriados
Dithmenos
Elyvilon
Fedhas
Gozag
Hepliaklqana
Kikubaaqudgha
Makhleb
Nemelex Xobeh
Okawaru
Qazlal
Ru
Sif Muna
Trog
Uskayaw
Vehumet
Wu Jian
Xom
Yredelemnul
Zin
The Shining One
Lugonu

Shops:
D:3 (   D:7 ((


Innate Abilities, Weirdness & Mutations

You have a pair of horns on your head.
You reflexively headbutt those who attack you in melee.


Message History

The fire dragon claws you but does no damage.
You block the fire dragon's attack.
Unknown command.
You slash the fire dragon! You freeze the fire dragon.
Your headbutt misses the fire dragon.
The fire dragon is heavily wounded.
You closely miss the electric eel. The fire dragon breathes flames at you.
The blast of flame misses you.
You completely miss the fire dragon.
The fire dragon is heavily wounded.
You barely miss the electric eel.
The electric eel shoots out a bolt of lightning at you!
The bolt of electricity hits you.
The fire dragon bites you but does no damage.
You block the fire dragon's attack. x2
You slash the fire dragon! You freeze the fire dragon!
The fire dragon is severely wounded.
Your plate armour prevents you from hitting the electric eel.
The electric eel shoots out a bolt of lightning at you!
The bolt of electricity hits you. You block the fire dragon's attack. x2
The fire dragon barely misses you.
You hit the fire dragon but do no damage.
Your headbutt misses the fire dragon.
The fire dragon is severely wounded.
You barely miss the electric eel. The fire dragon breathes flames at you.
The blast of flame hits you!!
* * * LOW HITPOINT WARNING * * *
As you read the scroll of teleportation, it crumbles to dust.
You feel strangely unstable.
The electric eel shoots out a bolt of lightning at you!
The bolt of electricity hits you!
* * * LOW HITPOINT WARNING * * *
The fire dragon bites you!
* * * LOW HITPOINT WARNING * * *
You block the fire dragon's attack. x2
The fire dragon breathes flames at you. The blast of flame hits you!!
You die...

### #.### ≈≈≈## #....
≈≈≈≈≈ ####. ≈≈≈≈≈######
##. ≈≈≈≈≈≈≈...#### #..
≈≈≈≈≈≈.......## ######.#
≈≈≈≈≈≈........#####......#
≈≈≈≈≈≈≈.............######
≈$$≈≈≈;D.@......#####
$$$..≈≈≈......###
$!....≈≈;....##
?....≈≈≈≈..###
#####≈≈≈#### #####


You could see a fire dragon (catching breath) and 2 electric eels.

Vanquished Creatures
  Harold (D:7)
  A hydra (D:8)
  Erica (D:7)
  Joseph (D:8)
  Maggie (D:7)
  A hornet (D:9)
  Prince Ribbit (D:7)
  A wyvern (D:10)
  6 yaks
  2 steam dragons
  3 water moccasins
  3 sky beasts
  6 necrophages
  5 orc warriors
  An ogre (D:5)
  4 centaurs
  A kobold brigand (D:7)
  5 bullfrogs
  2 scorpions
  2 wyvern skeletons (D:7)
  2 water moccasin skeletons (D:5)
  5 killer bees
  5 wights (D:8)
  An electric eel (D:6)
  4 centaur zombies
  5 jellies
  5 hounds
  3 bullfrog zombies
  2 orc priests
  A bullfrog skeleton (D:6)
  6 iguanas
  10 orc wizards
  A killer bee zombie (D:8)
  A hound skeleton (D:4)
  2 howler monkey zombies
  4 gnolls (D:6)
  7 adders
  2 river rats (D:6)
  2 shadow imps
  2 white imps
  2 ufetubi
  An adder skeleton (D:4)
  A worm (D:2)
  2 dart slugs (D:4)
  30 orcs
  16 ball pythons
  21 endoplasms
  7 giant cockroaches
  8 goblins
  7 hobgoblins
  8 jackals
  7 kobolds
  9 quokkas
  3 bats
  11 frilled lizards
  7 rats
258 creatures vanquished.

Notes
Turn   | Place    | Note
-------+----------+-------------------------------------------
     0 | D:1      | leviel the Minotaur Fighter began the quest for the Orb.
     0 | D:1      | Reached XP level 1. HP: 19/19 MP: 0/0
   219 | D:1      | Reached XP level 2. HP: 27/27 MP: 1/1
   254 | D:1      | Found a faded altar of an unknown god.
   300 | D:1      | Reached skill level 3 in Axes
   412 | D:1      | Reached XP level 3. HP: 31/31 MP: 2/2
  1659 | D:3      | Reached skill level 4 in Axes
  1659 | D:3      | Reached XP level 4. HP: 17/41 MP: 3/3
  1796 | D:3      | Found Zoysm's Weapon Boutique.
  2242 | D:4      | Reached XP level 5. HP: 47/47 MP: 4/4
  2307 | D:4      | Identified the +0 leather armour of the Stag {Int+2}
  2449 | D:4      | Reached skill level 5 in Axes
  2449 | D:4      | Reached XP level 6. HP: 39/55 MP: 5/5
  2568 | D:4      | Identified the ring "Jeliwets" {rCorr SInv Stlth+}
  2651 | D:4      | Noticed an orc warrior
  2677 | D:4      | HP: 2/55 [orc warrior/+0 glaive (23)]
  2824 | D:4      | Killed an orc warrior
  2825 | D:4      | Reached skill level 5 in Fighting
  2825 | D:4      | Reached skill level 5 in Armour
  2825 | D:4      | Reached skill level 5 in Shields
  2975 | D:5      | Entered Level 5 of the Dungeon
  3085 | D:5      | Reached skill level 6 in Axes
  3173 | D:5      | Reached XP level 7. HP: 57/61 MP: 6/6
  3710 | D:5      | Reached skill level 7 in Axes
  3717 | D:5      | Noticed a yak
  3816 | D:5      | Reached XP level 8. HP: 55/70 MP: 7/7
  3868 | D:5      | Reached skill level 8 in Axes
  4194 | D:6      | Found a glowing drain.
  4215 | Sewer    | Entered a sewer
  4362 | Sewer    | Reached skill level 9 in Axes
  4507 | D:6      | Reached XP level 9. HP: 79/79 MP: 8/8
  4607 | D:6      | Found a hazy altar of Hepliaklqana.
  4607 | D:6      | Found a basalt altar of Yredelemnul.
  4664 | D:6      | Found a stormy altar of Qazlal.
  5048 | D:6      | Found a white marble altar of Elyvilon.
  5057 | D:6      | Found a sacrificial altar of Ru.
  5057 | D:6      | Found an opulent altar of Gozag.
  5058 | D:6      | Found a glowing golden altar of the Shining One.
  5061 | D:6      | Found a burning altar of Makhleb.
  5063 | D:6      | Found an ancient bone altar of Kikubaaqudgha.
  5078 | D:6      | Became a worshipper of the Shining One
  5438 | D:7      | Noticed Maggie
  5445 | D:7      | Killed Maggie
  5446 | D:7      | Reached skill level 10 in Axes
  5484 | D:7      | Found Reqol's Weapon Shop.
  5666 | D:7      | Noticed Harold
  5688 | D:7      | Killed Harold
  5689 | D:7      | Reached skill level 11 in Axes
  5689 | D:7      | Reached XP level 10. HP: 49/90 MP: 9/9
  5754 | D:7      | Found a shimmering altar of Xom.
  5825 | D:7      | Reached * piety under the Shining One
  5927 | D:7      | Found a staircase to the Ecumenical Temple.
  5965 | D:7      | Found Aprefabe's Weapon Shop.
  5965 | D:7      | Noticed Prince Ribbit
  5975 | D:7      | Killed Prince Ribbit
  5988 | Temple   | Entered the Ecumenical Temple
  6307 | D:8      | Noticed Joseph
  6309 | D:8      | Noticed Erica
  6328 | D:7      | Killed Erica
  6355 | D:8      | Reached skill level 12 in Axes
  6356 | D:8      | Found a radiant altar of Vehumet.
  6364 | D:8      | Killed Joseph
  6915 | D:8      | Noticed a six-headed hydra
  6995 | D:8      | Killed a two-headed hydra
  7049 | D:9      | Reached XP level 11. HP: 87/99 MP: 10/10
  7093 | D:9      | Reached ** piety under the Shining One
  7100 | D:9      | Paralysed by a hornet for 2 turns
  7466 | D:9      | Found an iron altar of Okawaru.
  7466 | D:9      | Found a bloodstained altar of Trog.
  7551 | D:10     | Entered Level 10 of the Dungeon
  7560 | D:10     | Reached skill level 10 in Fighting
  7560 | D:10     | Reached skill level 10 in Armour
  7560 | D:10     | Reached skill level 10 in Shields
  7652 | D:10     | Reached skill level 13 in Axes
  7736 | D:10     | Noticed a fire dragon
  7751 | D:10     | HP: 2/99 [fire dragon (13)]
  7752 | D:10     | Killed from afar by a fire dragon

Illustrated notes

Levels and vault maps discovered:
D:1:      onia_arrival_pentagram, layout_loops_ring, basic_ecumenical_altar
D:2:      layout_basic, serial_co_window_serial, co_window_of_opportunity_a,
          co_window_of_opportunity_a, co_window_paths_b,
          co_window_of_opportunity_a, co_window_of_opportunity_a,
          co_window_broadway_c, co_window_corner_b, co_window_paths_c,
          co_window_unsneaky_path_a, co_window_4corner_a, glass_columns_a,
          glass_columns_c, minmay_misc_feat_ornament
D:3:      layout_rooms, serial_shops, shop, minmay_statues_item
D:4:      layout_gridville
D:5:      kennysheep_windowed_halls, layout_loops_ring
D:6:      layout_cave_pods, minitemple, nicolae_overflow_crystal_walls,
          gammafunk_temple_overflow_wave, serial_rivers,
          chequers_serial_rivers_micro_c, chequers_serial_rivers_small_3,
          chequers_serial_rivers_small_3, chequers_serial_rivers_micro_a,
          portal_sewer_entry_b, nicolae_lava_and_water, feat_on_display
D:7:      layout_cave_pools, dk_xom_monty_hall, minmay_temple_entry_trees,
          serial_shops, shop, shop, minmay_fractal_squares_diagonal_5,
          uniq_prince_ribbit1, uniq_harold, uniq_maggie
D:8:      layout_basic, overflow_temple_1_default, uniq_joseph, uniq_erica
D:9:      layout_rooms, grunt_temple_overflow_bloody_war, due_unseen_surprise
D:10:     dragon1_lemuel, layout_rooms, lair_entry_dummy
Temple:   kb_corrupted_temple

Skill      XL: |  1  2  3  4  5  6  7  8  9 10 11 |
---------------+----------------------------------+-----
Axes           | 3 4 5 6 7 9 11 12 13 | 13.0
Fighting       | 4 5 6 7 8 9 10 | 10.0
Shields        | 4 5 6 7 8 9 10 | 10.0
Armour         | 4 5 6 7 8 9 10 | 10.0

Action                   |  1- 3 |  4- 6 |  7- 9 | 10-12 || total
-------------------------+-------+-------+-------+-------++-------
Melee: War axe           |    76 |    89 |   319 |   197 ||   681
       Headbutt          |    15 |    10 |    50 |    26 ||   101
       Scimitar          |       |       |       |     5 ||     5
Throw: Throwing net      |       |       |       |     1 ||     1
Invok: Divine Shield     |       |       |       |     1 ||     1
  Use: Scroll            |       |     1 |    11 |     7 ||    19
       Potion            |       |     1 |     2 |       ||     3
Armor: Scale mail        |    44 |    50 |     4 |       ||    98
       Plate armour      |       |       |   178 |   111 ||   289
Dodge: Dodged            |    26 |    37 |    63 |    51 ||   177
Block: Kite shield       |    49 |    56 |   213 |   149 ||   467

Table legend: (Time is in decaauts)
 A = Elapsed time spent in this place.
 B = Non-inter-level travel time spent in this place.
 C = Inter-level travel time spent in this place.
 D = Time resting spent in this place.
 E = Time spent auto-exploring this place.
 F = Levels seen in this place.
 G = Mean time per level.
                   A        B        C        D        E       F      G
               +--------+--------+--------+--------+--------+-----+--------+
         Total |   7980 |   7551 |    429 |    423 |   5323 |  12 |  665.0 |
       Dungeon |   7506 |   7095 |    411 |    423 |   5100 |  10 |  750.6 |
        Temple |    113 |     95 |     18 |      0 |     94 |   1 |  113.0 |
         Sewer |    360 |    360 |      0 |      0 |    129 |   1 |  360.0 |
               +--------+--------+--------+--------+--------+-----+--------+

Top non-repeatable levels by time:
     D:5: 1256 daAuts
     D:2: 1130 daAuts
     D:6: 987 daAuts
     D:7: 800 daAuts
     D:4: 747 daAuts
     D:8: 691 daAuts
     D:3: 631 daAuts
     D:1: 536 daAuts
     D:9: 523 daAuts
   Sewer: 360 daAuts
    D:10: 199 daAuts
  Temple: 113 daAuts
